General information
- name: BNet
- type: Ladder team game (AT/RT)
- host: Battle.net
- saver:
map: FullScaleAssault
- players: 8
- length: 61:08
- speed: Fast
- version: 1.28 W3XP
- replay type: Public
» download(601 KB)
Players
team 1 (winner)
e1000e (
blue | 74 APM | 3220 actions | 43:33)
5 Blademaster
2 Wind Walk
3 Critical Strike
4 Shadow Hunter
2 Hex
2 Healing Wave
2 Tauren Chieftain
1 Endurance Aura
1 War Stomp
» actions
| Assign group hotkey | 6 | |
| Basic commands | 96 | |
| Build / train | 125 | |
| Enter build submenu | 24 | |
| Enter hero's abilities submenu | 11 | |
| Give item / drop item | 8 | |
| Remove unit from queue | 4 | |
| Right click | 1884 | |
| Select / deselect | 877 | |
| Select group hotkey | 8 | |
| Use ability | 176 | |
3220 total
» units
| Peon | 19 | |
| Grunt | 6 | |
| Raider | 5 | |
| Spirit Walker | 4 | |
| Kodo Beast | 4 | |
| Troll Witch Doctor | 6 | |
| Shaman | 5 | |
| Wind Rider | 6 | |
| Troll Batrider | 2 | |
| Giant Sea Turtle | 1 | |
| Makrura Snapper | 1 | |
| Mur'gul Snarecaster | 1 | |
| Makrura Deepseer | 1 | |
61 total
» upgrades
| Spiked Barricades | 1 | |
| Spirit Walker Training | 2 | |
| Ensnare | 1 | |
| Melee Weapons | 2 | |
| Witch Doctor Training | 2 | |
| Reinforced Defenses | 1 | |
| Berserker Strength | 1 | |
| Armor | 3 | |
| Shaman Training | 2 | |
| Ranged Weapons | 2 | |
| Envenomed Spears | 1 | |
| Liquid Fire | 1 | |
| War Drums Damage Increase | 1 | |
20 total
» buildings
| Altar of Storms | 2 | |
| Orc Burrow | 7 | |
| Barracks | 1 | |
| Voodoo Lounge | 2 | |
| Stronghold | 3 | |
| War Mill | 1 | |
| Spirit Lodge | 2 | |
| Beastiary | 2 | |
| Fortress | 1 | |
| Great Hall | 1 | |
| Watch Tower | 1 | |
23 total
» build order
00:03 Altar of Storms
00:09 Orc Burrow
01:11 Barracks
01:23 Orc Burrow
01:50 Voodoo Lounge
01:53 Voodoo Lounge
03:36 Stronghold
03:36 Stronghold
03:37 Stronghold
04:18 War Mill
04:57 Orc Burrow
05:15 Orc Burrow
06:06 Spirit Lodge
06:17 Beastiary
07:43 Fortress
09:20 Great Hall
09:46 Orc Burrow
11:44 Beastiary
11:51 Spirit Lodge
16:10 Orc Burrow
19:45 Watch Tower
21:01 Orc Burrow
41:18 Altar of Storms
» items
| Healing Salve | 6 | |
| Lesser Clarity Potion | 4 | |
| Scroll of Speed | 4 | |
| Circlet of Nobility | 1 | |
| Orb of Lightning | 1 | |
| Scroll of Town Portal | 3 | |
| Staff of Teleportation | 1 | |
20 total

»
StormBlessed (
red | 46 APM | 2144 actions | 46:11)
4 Tauren Chieftain
2 War Stomp
2 Endurance Aura
4 Shadow Hunter
2 Hex
2 Healing Wave
3 Blademaster
1 Wind Walk
2 Critical Strike
» actions
| Assign group hotkey | 246 | |
| Basic commands | 153 | |
| Build / train | 82 | |
| Enter build submenu | 33 | |
| Enter hero's abilities submenu | 11 | |
| Give item / drop item | 1 | |
| Remove unit from queue | 4 | |
| Right click | 414 | |
| Select / deselect | 266 | |
| Select group hotkey | 815 | |
| Use ability | 119 | |
2144 total
» units
| Peon | 13 | |
| Tauren | 11 | |
| Shaman | 6 | |
| Wind Rider | 4 | |
34 total
» upgrades
| Armor | 3 | |
| Melee Weapons | 3 | |
| Pulverize | 1 | |
| Spiked Barricades | 3 | |
| Witch Doctor Training | 0 | |
| Shaman Training | 2 | |
| Reinforced Defenses | 1 | |
| Ranged Weapons | 2 | |
| Envenomed Spears | 1 | |
16 total
» buildings
| Orc Burrow | 10 | |
| Altar of Storms | 1 | |
| War Mill | 1 | |
| Stronghold | 1 | |
| Voodoo Lounge | 2 | |
| Watch Tower | 8 | |
| Fortress | 1 | |
| Tauren Totem | 2 | |
| Great Hall | 1 | |
| Spirit Lodge | 1 | |
| Beastiary | 2 | |
30 total
» build order
00:22 Orc Burrow
00:27 Altar of Storms
01:28 War Mill
01:55 Orc Burrow
02:21 Stronghold
03:01 Voodoo Lounge
03:22 Watch Tower
03:30 Watch Tower
03:45 Orc Burrow
03:49 Orc Burrow
05:16 Fortress
06:29 Orc Burrow
06:49 Orc Burrow
06:59 Orc Burrow
08:19 Tauren Totem
08:22 Tauren Totem
09:53 Great Hall
13:21 Watch Tower
13:23 Watch Tower
13:26 Watch Tower
13:30 Watch Tower
14:30 Orc Burrow
16:09 Orc Burrow
16:13 Watch Tower
17:05 Spirit Lodge
18:08 Watch Tower
28:18 Beastiary
28:24 Beastiary
30:22 Orc Burrow
34:29 Voodoo Lounge
» items
| Healing Salve | 4 | |
| Lesser Clarity Potion | 1 | |
| Potion of Healing | 2 | |
| Orb of Lightning | 1 | |
| Scroll of Town Portal | 4 | |
| Boots of Speed | 1 | |
13 total
Gaynigsoutrspac (
green | 93 APM | 5673 actions | 61:08)
8 Archmage
3 Summon Water Elemental
3 Brilliance Aura
1 Mass Teleport
1 Blizzard
6 Mountain King
3 Storm Bolt
2 Bash
1 Avatar
6 Goblin Alchemist
3 Chemical Rage
2 Acid Bomb
1 Transmute
» actions
| Assign group hotkey | 116 | |
| Basic commands | 294 | |
| Build / train | 277 | |
| ESC pressed | 11 | |
| Enter build submenu | 73 | |
| Enter hero's abilities submenu | 20 | |
| Give item / drop item | 15 | |
| Remove unit from queue | 1 | |
| Right click | 1601 | |
| Select / deselect | 1122 | |
| Select group hotkey | 1678 | |
| Use ability | 464 | |
5673 total
» units
| Peasant | 22 | |
| Footman | 6 | |
| Rifleman | 9 | |
| Goblin Shredder | 3 | |
| Goblin Zeppelin | 15 | |
| Priest | 8 | |
| Siege Engine | 2 | |
| Sorceress | 6 | |
| Mortar Team | 3 | |
| Spell Breaker | 5 | |
| Gryphon Rider | 2 | |
| Flying Machine | 1 | |
82 total
» upgrades
| Gunpowder | 3 | |
| Masonry | 4 | |
| Long Rifles | 1 | |
| Armor | 3 | |
| Fragmentation Shards | 1 | |
| Flare | 1 | |
| Plating | 3 | |
| Barrage | 1 | |
| Priest Training | 2 | |
| Sorceress Training | 2 | |
| Lumber Harvesting | 2 | |
| Swords | 4 | |
| Control Magic | 1 | |
| Animal War Training | 1 | |
| Storm Hammers | 1 | |
| Cloud | 1 | |
| Magic Sentry | 1 | |
| Flak Cannons | 1 | |
| Flying Machine Bombs | 1 | |
34 total
» buildings
| Altar of Kings | 1 | |
| Barracks | 1 | |
| Farm | 14 | |
| Arcane Vault | 1 | |
| Lumber Mill | 1 | |
| Blacksmith | 2 | |
| Keep | 4 | |
| Scout Tower | 46 | |
| Town Hall | 3 | |
| Arcane Tower | 7 | |
| Castle | 4 | |
| Guard Tower | 61 | |
| Workshop | 4 | |
| Arcane Sanctum | 2 | |
| Gryphon Aviary | 2 | |
153 total
» build order
01:04 Altar of Kings
01:05 Barracks
01:07 Farm
01:08 Farm
01:26 Farm
01:48 Farm
02:21 Arcane Vault
02:46 Lumber Mill
03:20 Blacksmith
03:22 Blacksmith
04:07 Keep
04:07 Keep
05:17 Scout Tower
05:21 Scout Tower
05:33 Town Hall
05:37 Scout Tower
05:39 Scout Tower
05:40 Scout Tower
05:46 Arcane Tower
05:46 Arcane Tower
05:47 Arcane Tower
05:47 Arcane Tower
05:47 Arcane Tower
07:03 Castle
07:03 Castle
08:09 Town Hall
08:10 Scout Tower
08:12 Scout Tower
08:14 Scout Tower
08:17 Scout Tower
08:39 Arcane Tower
08:39 Arcane Tower
08:39 Guard Tower
08:39 Guard Tower
08:39 Guard Tower
09:11 Guard Tower
09:11 Guard Tower
10:40 Scout Tower
10:43 Scout Tower
11:05 Workshop
11:32 Guard Tower
11:32 Guard Tower
11:32 Guard Tower
12:30 Workshop
12:43 Farm
12:46 Arcane Sanctum
14:06 Farm
14:09 Arcane Sanctum
14:48 Scout Tower
14:48 Scout Tower
14:50 Scout Tower
14:52 Scout Tower
14:53 Scout Tower
15:22 Town Hall
15:24 Scout Tower
15:25 Scout Tower
15:25 Scout Tower
15:26 Scout Tower
15:30 Scout Tower
15:31 Scout Tower
15:37 Guard Tower
15:37 Guard Tower
15:54 Guard Tower
15:54 Guard Tower
15:54 Guard Tower
15:55 Guard Tower
15:55 Guard Tower
15:56 Guard Tower
15:56 Guard Tower
15:56 Guard Tower
15:56 Guard Tower
16:13 Scout Tower
16:16 Farm
16:16 Farm
16:31 Guard Tower
16:31 Guard Tower
16:31 Guard Tower
16:31 Guard Tower
16:31 Guard Tower
18:07 Scout Tower
18:08 Scout Tower
18:09 Scout Tower
18:15 Scout Tower
18:16 Scout Tower
18:18 Scout Tower
18:22 Scout Tower
18:55 Guard Tower
18:56 Guard Tower
18:59 Guard Tower
18:59 Guard Tower
18:59 Guard Tower
19:01 Keep
19:01 Keep
19:09 Guard Tower
19:10 Guard Tower
19:21 Guard Tower
19:21 Guard Tower
19:24 Scout Tower
19:33 Scout Tower
19:37 Scout Tower
19:53 Guard Tower
19:53 Guard Tower
20:00 Guard Tower
20:01 Guard Tower
20:01 Guard Tower
20:02 Scout Tower
20:10 Guard Tower
20:10 Guard Tower
20:10 Guard Tower
22:48 Castle
22:48 Castle
24:52 Gryphon Aviary
24:54 Gryphon Aviary
24:59 Workshop
26:01 Workshop
42:34 Scout Tower
42:35 Scout Tower
42:36 Scout Tower
42:39 Scout Tower
42:41 Scout Tower
42:42 Scout Tower
42:43 Scout Tower
42:45 Scout Tower
42:47 Scout Tower
42:48 Scout Tower
43:13 Guard Tower
43:13 Guard Tower
43:15 Guard Tower
43:15 Guard Tower
43:15 Guard Tower
43:24 Guard Tower
43:24 Guard Tower
43:42 Guard Tower
43:42 Guard Tower
43:42 Guard Tower
43:45 Guard Tower
43:46 Guard Tower
43:51 Scout Tower
43:55 Scout Tower
43:56 Guard Tower
43:57 Guard Tower
43:57 Guard Tower
44:23 Guard Tower
44:23 Guard Tower
44:23 Guard Tower
44:46 Guard Tower
44:47 Guard Tower
53:00 Farm
53:00 Farm
53:01 Farm
53:02 Farm
53:26 Farm
53:27 Farm
» items
| Scroll of Regeneration | 7 | |
| Mechanical Critter | 7 | |
| Potion of Lesser Invulnerability | 3 | |
| Boots of Speed | 3 | |
| Scroll of Protection | 1 | |
| Periapt of Vitality | 3 | |
| Scroll of Town Portal | 8 | |
| Staff of Sanctuary | 1 | |
| Orb of Lightning | 2 | |
| Staff of Teleportation | 2 | |
| Circlet of Nobility | 1 | |
| Potion of Healing | 4 | |
| Ivory Tower | 1 | |
43 total
CaptainBooger (
teal | 66 APM | 4059 actions | 61:08)
10 Blademaster
3 Wind Walk
3 Critical Strike
1 Bladestorm
3 Mirror Image
» actions
| Assign group hotkey | 37 | |
| Basic commands | 68 | |
| Build / train | 128 | |
| Enter build submenu | 62 | |
| Enter hero's abilities submenu | 10 | |
| Give item / drop item | 17 | |
| Remove unit from queue | 5 | |
| Right click | 2085 | |
| Select / deselect | 581 | |
| Select group hotkey | 812 | |
| Use ability | 254 | |
4059 total
» units
| Peon | 18 | |
| Grunt | 6 | |
| Goblin Shredder | 2 | |
| Troll Batrider | 8 | |
| Blue Dragon | 5 | |
| Goblin Zeppelin | 2 | |
| Goblin Sapper | 8 | |
| Wind Rider | 9 | |
58 total
» upgrades
| Reinforced Defenses | 1 | |
| Armor | 3 | |
| Ranged Weapons | 3 | |
| Troll Regeneration | 1 | |
| Liquid Fire | 1 | |
| Envenomed Spears | 1 | |
| Spiked Barricades | 3 | |
| Pillage | 1 | |
| Ensnare | 1 | |
15 total
» buildings
| Orc Burrow | 6 | |
| Altar of Storms | 1 | |
| Barracks | 1 | |
| Voodoo Lounge | 3 | |
| Stronghold | 1 | |
| Great Hall | 3 | |
| War Mill | 2 | |
| Watch Tower | 54 | |
| Fortress | 1 | |
| Beastiary | 5 | |
77 total
» build order
00:13 Orc Burrow
00:53 Altar of Storms
00:54 Barracks
01:04 Orc Burrow
02:04 Voodoo Lounge
02:51 Stronghold
04:15 Orc Burrow
04:39 Great Hall
04:57 War Mill
06:32 Watch Tower
06:32 Watch Tower
06:33 Watch Tower
06:33 Watch Tower
08:33 Fortress
10:25 Beastiary
10:26 Beastiary
10:27 Beastiary
13:55 War Mill
14:04 Watch Tower
14:05 Watch Tower
14:06 Watch Tower
14:06 Watch Tower
14:08 Watch Tower
14:08 Watch Tower
17:07 Great Hall
17:10 Watch Tower
17:10 Watch Tower
17:11 Watch Tower
17:11 Watch Tower
17:39 Voodoo Lounge
31:05 Great Hall
31:09 Watch Tower
31:09 Watch Tower
31:10 Watch Tower
31:10 Watch Tower
31:11 Watch Tower
31:12 Watch Tower
31:12 Watch Tower
31:13 Watch Tower
31:17 Voodoo Lounge
32:29 Watch Tower
32:29 Watch Tower
32:30 Watch Tower
32:31 Watch Tower
32:33 Watch Tower
32:34 Watch Tower
32:34 Watch Tower
32:35 Watch Tower
32:56 Watch Tower
32:58 Watch Tower
33:00 Watch Tower
40:07 Watch Tower
40:07 Watch Tower
40:08 Watch Tower
40:09 Watch Tower
40:09 Watch Tower
40:10 Watch Tower
41:53 Watch Tower
41:56 Watch Tower
41:57 Watch Tower
42:59 Watch Tower
43:09 Watch Tower
43:10 Watch Tower
43:11 Watch Tower
43:11 Watch Tower
43:14 Watch Tower
43:15 Watch Tower
43:16 Watch Tower
43:17 Watch Tower
49:10 Watch Tower
49:11 Watch Tower
50:11 Watch Tower
52:26 Orc Burrow
52:28 Orc Burrow
52:30 Orc Burrow
53:57 Beastiary
53:59 Beastiary
» items
| Healing Salve | 4 | |
| Dust of Appearance | 1 | |
| Potion of Mana | 9 | |
| Lesser Clarity Potion | 8 | |
| Scroll of Town Portal | 4 | |
| Orb of Lightning | 1 | |
| Potion of Healing | 7 | |
| Periapt of Vitality | 1 | |
35 total
team 2 (loser)
ShaggyDI (
pink | 42 APM | 2459 actions | 58:33)
8 Mountain King
3 Storm Bolt
3 Bash
1 Avatar
1 Thunder Clap
6 Paladin
3 Holy Light
2 Divine Shield
1 Resurrection
» actions
| Assign group hotkey | 3 | |
| Basic commands | 81 | |
| Build / train | 179 | |
| ESC pressed | 3 | |
| Enter build submenu | 51 | |
| Enter hero's abilities submenu | 15 | |
| Give item / drop item | 14 | |
| Right click | 992 | |
| Select / deselect | 829 | |
| Select group hotkey | 11 | |
| Use ability | 281 | |
2459 total
» units
| Peasant | 35 | |
| Rifleman | 31 | |
| Goblin Zeppelin | 2 | |
| Goblin Shredder | 2 | |
| Mortar Team | 2 | |
| Blue Dragon Whelp | 1 | |
| Blue Drake | 1 | |
74 total
» upgrades
| Gunpowder | 3 | |
| Armor | 3 | |
| Long Rifles | 1 | |
| Lumber Harvesting | 2 | |
| Masonry | 3 | |
| Fragmentation Shards | 1 | |
| Flare | 1 | |
14 total
» buildings
| Farm | 24 | |
| Blacksmith | 2 | |
| Altar of Kings | 2 | |
| Barracks | 2 | |
| Arcane Vault | 2 | |
| Keep | 2 | |
| Lumber Mill | 3 | |
| Castle | 2 | |
| Town Hall | 4 | |
| Scout Tower | 59 | |
| Workshop | 3 | |
| Arcane Tower | 1 | |
| Guard Tower | 30 | |
136 total
» build order
01:04 Farm
01:06 Blacksmith
01:07 Altar of Kings
01:09 Barracks
01:34 Farm
02:14 Farm
02:48 Farm
03:02 Farm
04:29 Farm
05:01 Arcane Vault
05:53 Keep
05:55 Lumber Mill
05:59 Farm
06:55 Farm
09:40 Castle
15:53 Town Hall
18:23 Scout Tower
18:23 Scout Tower
18:24 Scout Tower
18:25 Scout Tower
18:28 Scout Tower
18:28 Scout Tower
18:29 Scout Tower
18:29 Scout Tower
18:57 Workshop
18:58 Workshop
19:01 Arcane Tower
19:25 Guard Tower
19:38 Guard Tower
19:42 Scout Tower
19:43 Scout Tower
19:44 Scout Tower
19:45 Guard Tower
20:11 Guard Tower
20:41 Guard Tower
20:44 Scout Tower
20:44 Scout Tower
20:45 Scout Tower
20:46 Scout Tower
21:12 Guard Tower
21:46 Guard Tower
23:01 Guard Tower
23:04 Scout Tower
23:04 Scout Tower
23:05 Scout Tower
23:15 Town Hall
23:19 Scout Tower
23:20 Scout Tower
23:20 Scout Tower
23:21 Scout Tower
23:22 Scout Tower
23:22 Scout Tower
23:23 Scout Tower
23:29 Scout Tower
23:29 Scout Tower
23:30 Scout Tower
23:31 Scout Tower
23:31 Scout Tower
23:32 Scout Tower
23:33 Scout Tower
25:01 Guard Tower
25:14 Guard Tower
25:16 Guard Tower
25:16 Guard Tower
25:19 Scout Tower
25:19 Scout Tower
26:58 Town Hall
28:04 Guard Tower
28:05 Guard Tower
28:07 Scout Tower
28:07 Scout Tower
28:40 Guard Tower
29:10 Scout Tower
29:10 Scout Tower
29:11 Scout Tower
29:11 Scout Tower
29:11 Scout Tower
29:12 Scout Tower
29:13 Scout Tower
29:14 Scout Tower
30:39 Guard Tower
30:40 Guard Tower
30:41 Guard Tower
30:42 Guard Tower
30:46 Scout Tower
30:46 Scout Tower
30:47 Scout Tower
30:47 Scout Tower
32:43 Lumber Mill
32:49 Farm
32:49 Farm
32:50 Farm
32:51 Farm
34:11 Guard Tower
34:12 Guard Tower
34:13 Guard Tower
34:14 Guard Tower
37:34 Town Hall
38:14 Farm
38:14 Farm
38:15 Farm
38:15 Farm
39:49 Farm
39:51 Farm
40:27 Farm
40:28 Farm
40:29 Farm
41:07 Farm
41:07 Farm
41:09 Farm
42:41 Barracks
42:44 Scout Tower
42:44 Scout Tower
42:45 Scout Tower
42:49 Scout Tower
42:50 Scout Tower
42:52 Scout Tower
42:53 Scout Tower
42:55 Keep
43:53 Lumber Mill
44:58 Blacksmith
45:01 Guard Tower
45:04 Guard Tower
45:23 Guard Tower
46:36 Guard Tower
48:59 Arcane Vault
49:32 Altar of Kings
49:35 Workshop
50:38 Scout Tower
50:39 Scout Tower
50:40 Scout Tower
50:41 Scout Tower
52:18 Guard Tower
52:20 Guard Tower
52:27 Guard Tower
55:27 Castle
» items
| Lesser Clarity Potion | 12 | |
| Scroll of Regeneration | 6 | |
| Potion of Healing | 3 | |
| Potion of Mana | 2 | |
| Scroll of Town Portal | 11 | |
| Boots of Speed | 1 | |
| Dust of Appearance | 2 | |
| Potion of Lesser Invulnerability | 2 | |
| Orb of Lightning | 1 | |
40 total

»
Clowsaintpotsox (
yellow | 62 APM | 2494 actions | 40:03)
5 Blademaster
2 Wind Walk
2 Critical Strike
1 Mirror Image
» actions
| Assign group hotkey | 21 | |
| Build / train | 70 | |
| Enter build submenu | 24 | |
| Enter hero's abilities submenu | 5 | |
| Give item / drop item | 4 | |
| Remove unit from queue | 2 | |
| Right click | 1066 | |
| Select / deselect | 679 | |
| Select group hotkey | 545 | |
| Use ability | 78 | |
2494 total
» units
| Peon | 13 | |
| Troll Headhunter/Berserker | 20 | |
| Shaman | 5 | |
| Troll Witch Doctor | 3 | |
| Troll Batrider | 5 | |
46 total
» upgrades
| Troll Regeneration | 1 | |
| Ranged Weapons | 2 | |
| Berserker Upgrade | 1 | |
| Witch Doctor Training | 2 | |
| Shaman Training | 2 | |
| Armor | 1 | |
| Liquid Fire | 0 | |
9 total
» buildings
| Orc Burrow | 7 | |
| Altar of Storms | 1 | |
| Barracks | 2 | |
| Voodoo Lounge | 1 | |
| War Mill | 1 | |
| Stronghold | 1 | |
| Fortress | 1 | |
| Spirit Lodge | 2 | |
| Great Hall | 3 | |
| Watch Tower | 3 | |
| Beastiary | 2 | |
24 total
» build order
00:36 Orc Burrow
00:49 Altar of Storms
01:17 Barracks
01:42 Orc Burrow
01:57 Voodoo Lounge
02:18 Orc Burrow
02:31 War Mill
03:19 Stronghold
03:52 Orc Burrow
05:41 Orc Burrow
05:43 Fortress
06:21 Orc Burrow
07:10 Spirit Lodge
07:27 Great Hall
07:31 Watch Tower
08:55 Watch Tower
09:47 Watch Tower
10:52 Spirit Lodge
10:56 Barracks
11:42 Great Hall
12:16 Orc Burrow
19:35 Beastiary
19:37 Beastiary
25:29 Great Hall
» items
| Lesser Clarity Potion | 1 | |
| Healing Salve | 1 | |
| Scroll of Town Portal | 4 | |
6 total
fukyougringo (
purple | 80 APM | 4798 actions | 59:39)
6 Blademaster
2 Wind Walk
3 Critical Strike
1 Bladestorm
4 Shadow Hunter
2 Hex
2 Healing Wave
4 Tauren Chieftain
2 War Stomp
2 Endurance Aura
» actions
| Assign group hotkey | 213 | |
| Basic commands | 344 | |
| Build / train | 93 | |
| ESC pressed | 12 | |
| Enter build submenu | 24 | |
| Enter hero's abilities submenu | 14 | |
| Give item / drop item | 4 | |
| Remove unit from queue | 2 | |
| Right click | 1424 | |
| Select / deselect | 687 | |
| Select group hotkey | 1754 | |
| Use ability | 227 | |
4798 total
» units
| Peon | 10 | |
| Tauren | 16 | |
| Troll Witch Doctor | 8 | |
| Shaman | 8 | |
| Blue Drake | 1 | |
| Blue Dragon Whelp | 1 | |
44 total
» upgrades
| Armor | 3 | |
| Witch Doctor Training | 2 | |
| Shaman Training | 2 | |
| Pulverize | 1 | |
| Reinforced Defenses | 1 | |
| Melee Weapons | 1 | |
10 total
» buildings
| Orc Burrow | 12 | |
| Altar of Storms | 2 | |
| Voodoo Lounge | 1 | |
| War Mill | 1 | |
| Stronghold | 3 | |
| Fortress | 1 | |
| Spirit Lodge | 2 | |
| Tauren Totem | 2 | |
| Great Hall | 2 | |
26 total
» build order
00:22 Orc Burrow
00:37 Altar of Storms
00:52 Voodoo Lounge
01:07 War Mill
02:34 Stronghold
02:34 Stronghold
02:55 Orc Burrow
03:09 Orc Burrow
04:59 Fortress
05:05 Spirit Lodge
06:21 Orc Burrow
06:52 Orc Burrow
07:26 Tauren Totem
07:32 Tauren Totem
08:07 Orc Burrow
22:54 Great Hall
27:22 Orc Burrow
28:20 Great Hall
31:14 Orc Burrow
35:40 Stronghold
35:44 Orc Burrow
38:01 Spirit Lodge
50:45 Orc Burrow
55:27 Orc Burrow
59:18 Altar of Storms
59:20 Orc Burrow
» items
| Healing Salve | 3 | |
| Lesser Clarity Potion | 4 | |
| Boots of Speed | 2 | |
| Orb of Lightning | 2 | |
| Scroll of Town Portal | 2 | |
| Scroll of Protection | 1 | |
| Scroll of Healing | 1 | |
| Potion of Healing | 1 | |
16 total
RED-REINDEER (
orange | 48 APM | 2924 actions | 61:08)
8 Blademaster
3 Critical Strike
3 Wind Walk
1 Bladestorm
1 Mirror Image
» actions
| Assign group hotkey | 46 | |
| Basic commands | 139 | |
| Build / train | 96 | |
| Enter build submenu | 41 | |
| Enter hero's abilities submenu | 8 | |
| Give item / drop item | 3 | |
| Right click | 1244 | |
| Select / deselect | 404 | |
| Select group hotkey | 740 | |
| Use ability | 203 | |
2924 total
» units
| Peon | 27 | |
| Grunt | 3 | |
| Goblin Shredder | 2 | |
| Goblin Zeppelin | 2 | |
| Wind Rider | 13 | |
| Raider | 5 | |
| Goblin Sapper | 4 | |
56 total
» upgrades
| Reinforced Defenses | 1 | |
| Ranged Weapons | 2 | |
| Armor | 2 | |
| Liquid Fire | 1 | |
| Envenomed Spears | 1 | |
| Ensnare | 1 | |
| Pillage | 1 | |
| Melee Weapons | 1 | |
10 total
» buildings
| Altar of Storms | 1 | |
| Orc Burrow | 3 | |
| Barracks | 1 | |
| Voodoo Lounge | 2 | |
| Great Hall | 1 | |
| War Mill | 1 | |
| Stronghold | 1 | |
| Watch Tower | 74 | |
| Fortress | 2 | |
| Beastiary | 5 | |
91 total
» build order
00:13 Altar of Storms
00:26 Orc Burrow
00:44 Barracks
01:27 Orc Burrow
01:59 Voodoo Lounge
03:24 Great Hall
03:54 War Mill
04:22 Stronghold
06:03 Watch Tower
06:19 Watch Tower
06:29 Watch Tower
06:48 Watch Tower
06:53 Fortress
06:53 Fortress
07:00 Beastiary
07:06 Watch Tower
07:10 Watch Tower
07:37 Beastiary
07:43 Orc Burrow
07:50 Watch Tower
07:58 Watch Tower
08:19 Voodoo Lounge
08:28 Watch Tower
08:28 Watch Tower
10:40 Watch Tower
10:40 Watch Tower
10:41 Watch Tower
10:42 Watch Tower
11:32 Watch Tower
11:56 Watch Tower
11:56 Watch Tower
11:57 Watch Tower
11:58 Watch Tower
12:03 Watch Tower
12:11 Watch Tower
12:11 Watch Tower
12:13 Watch Tower
12:13 Watch Tower
12:14 Watch Tower
13:43 Watch Tower
13:43 Watch Tower
13:44 Watch Tower
13:46 Watch Tower
13:49 Watch Tower
14:02 Watch Tower
14:36 Beastiary
16:15 Watch Tower
16:15 Watch Tower
16:15 Watch Tower
16:16 Watch Tower
16:17 Watch Tower
16:21 Watch Tower
17:28 Watch Tower
17:28 Watch Tower
17:30 Watch Tower
17:31 Watch Tower
17:31 Watch Tower
17:32 Watch Tower
17:32 Watch Tower
17:33 Watch Tower
17:58 Watch Tower
18:44 Beastiary
19:20 Beastiary
19:45 Watch Tower
19:47 Watch Tower
20:11 Watch Tower
20:11 Watch Tower
20:49 Watch Tower
20:49 Watch Tower
20:50 Watch Tower
20:50 Watch Tower
20:51 Watch Tower
20:51 Watch Tower
21:14 Watch Tower
21:15 Watch Tower
21:15 Watch Tower
21:16 Watch Tower
21:17 Watch Tower
21:19 Watch Tower
21:20 Watch Tower
21:21 Watch Tower
21:22 Watch Tower
33:29 Watch Tower
33:30 Watch Tower
33:32 Watch Tower
33:32 Watch Tower
37:23 Watch Tower
37:24 Watch Tower
37:24 Watch Tower
37:25 Watch Tower
37:25 Watch Tower
» items
| Tiny Great Hall | 6 | |
| Healing Salve | 1 | |
| Orb of Lightning | 1 | |
| Scroll of Town Portal | 3 | |
| Lesser Clarity Potion | 1 | |
| Staff of Teleportation | 1 | |
| Potion of Lesser Invulnerability | 1 | |
| Scroll of Healing | 1 | |
| Boots of Speed | 1 | |
16 total
Chat log
(00:34 / Allies) fukyougringo: units pls
(00:39 / Allies) ShaggyDI: rifle
(00:40 / Allies) RED-REINDEER: wyvenr
(00:48 / Allies) fukyougringo: YELLOW?
(01:01 / Allies) Clowsaintpotsox: whatever we need.
(01:11 / Allies) RED-REINDEER: im gonna get bot left expo and maybe tower choke point
(01:17 / Allies) ShaggyDI: okie
(01:23 / Allies) ShaggyDI: do it top tho?
(01:37 / Allies) RED-REINDEER: naw bottom is fine
(01:41 / Allies) ShaggyDI: u just so farm
(01:42 / Allies) ShaggyDI: far
(01:43 / Allies) RED-REINDEER: actually
(01:46 / Allies) RED-REINDEER: u may be right
(01:54 / Allies) ShaggyDI: long walks for those peons
(02:03 / Allies) ShaggyDI: i could care less about the mine
(02:07 / Allies) RED-REINDEER: thx
(02:46 / Allies) RED-REINDEER: help me epxo plz pik or yellow?
(02:54 / Allies) Clowsaintpotsox: yup
(03:36 / Allies) RED-REINDEER: thx
(03:42 / Allies) RED-REINDEER: lets creep shredder now
(04:16 / Allies) RED-REINDEER: tis ok if i buy shredder?
(04:29 / Allies) Clowsaintpotsox: yeah
(08:42 / Allies) RED-REINDEER: gold plz
(09:18 / Allies) RED-REINDEER: gold plz
(09:30 / Allies) fukyougringo: out
(11:32 / Allies) Clowsaintpotsox: oug
(12:34 / Allies) RED-REINDEER: tp
(15:12 / Allies) RED-REINDEER: gonna get 2nd island expo
(16:50 / Allies) ShaggyDI: go
(17:04 / Allies) ShaggyDI: u lead
(20:02 / Allies) ShaggyDI: coming up
(20:45 / All) CaptainBooger: STOOP KID'S AFRAID TO LEAE HIS STOOP
(22:43 / All) ShaggyDI: LOL
(22:55 / Allies) RED-REINDEER: purple ill giv eu tiny hall
(23:09 / All) CaptainBooger: try leaving your base, bub
(23:13 / Allies) RED-REINDEER: purpel come here
(23:30 / Allies) RED-REINDEER: giving ur tc tiny hall
(23:44 / All) Gaynigsoutrspac: priest is rallied to my hero and runs across the map
(23:45 / All) Gaynigsoutrspac: wtf
(24:09 / All) CaptainBooger: lol!
(24:39 / Allies) fukyougringo: oj fuck you
(24:45 / Allies) Clowsaintpotsox: 11 k
(25:06 / Allies) ShaggyDI: i need wood
(26:23 / All) RED-REINDEER: only got 15k
(28:31 / All) RED-REINDEER: only got 17k
(29:27 / Allies) RED-REINDEER: ignore it
(29:35 / Allies) RED-REINDEER: hit red gogo
(31:21 / Allies) ShaggyDI: turn
(31:26 / Allies) RED-REINDEER: fight by towers
(32:18 / Allies) ShaggyDI: wood
(34:06 / Allies) RED-REINDEER: oops
(34:54 / Allies) ShaggyDI: i got no tp
(35:51 / Allies) ShaggyDI: need ya orange
(35:55 / Allies) RED-REINDEER: k
(36:26 / All) RED-REINDEER: asshole blue
(36:55 / All) RED-REINDEER: lucky mofo
(36:58 / All) e1000e: lol
(37:09 / All) RED-REINDEER: not sure what is happening on ur side
(37:12 / All) RED-REINDEER: u guys shoulda won this already
(37:26 / All) StormBlessed: yeah, green and teal didnt realize they are playing 4s
(37:41 / All) RED-REINDEER: im doing pretty good too, only got 25k gold
(38:15 / Allies) Clowsaintpotsox: well we lose.
(38:21 / Allies) RED-REINDEER: k im joining the fray now
(38:42 / All) CaptainBooger: Cocksucker
(39:22 / Allies) ShaggyDI: how the fuck did i tp to you
(39:53 / All) RED-REINDEER: prick blue
(39:56 / All) RED-REINDEER: lol
(40:04 / All) RED-REINDEER: lets go men
(41:13 / Allies) ShaggyDI: wood if u can
(41:36 / All) CaptainBooger: Like the dragons? They keep the place safe nowadays
(41:41 / All) RED-REINDEER: wehre are they
(41:43 / All) ShaggyDI: I HAD NO IDEA
(41:51 / All) RED-REINDEER: wow
(44:12 / Allies) RED-REINDEER: and kill pinks if u can
(44:21 / Allies) ShaggyDI: huh
(44:28 / Allies) RED-REINDEER: kill red i mean
(44:40 / Allies) RED-REINDEER: ill brb
(45:55 / All) RED-REINDEER: bad boy red
(45:59 / All) RED-REINDEER: u shouldnt have been there
(46:07 / All) Gaynigsoutrspac: Red isn't a team player
(46:11 / All) Gaynigsoutrspac: denied me the best ability in the game
(47:17 / All) RED-REINDEER: damn oops sorry team
(47:32 / All) RED-REINDEER: omw
(48:18 / All) RED-REINDEER: damn my team won that
(50:22 / All) RED-REINDEER: great businessman purple, put a tiny hall at a mine with 1.5k gold left
(52:09 / All) CaptainBooger: dragon dies I get 100 food
(52:14 / All) RED-REINDEER: lol
(52:20 / All) RED-REINDEER: fuck me
(52:24 / All) RED-REINDEER: when he mad its GG
(54:02 / All) RED-REINDEER: purple and pink are not talking
(54:06 / Allies) ShaggyDI: i here
(54:09 / All) CaptainBooger: They are dead men walking
(55:08 / Allies) ShaggyDI: come orange
(55:12 / All) RED-REINDEER: k
(55:33 / Allies) ShaggyDI: can i get gold and wood
(56:41 / Allies) ShaggyDI: i think orange is afk
(56:47 / All) RED-REINDEER: ill tp
(56:49 / All) RED-REINDEER: when u get there
(58:04 / All) RED-REINDEER: damn u guys won
(58:07 / All) ShaggyDI: gg
(58:10 / All) CaptainBooger: Don't start none won't be none
(58:28 / All) fukyougringo: oj is joker
(58:35 / All) CaptainBooger: Fuck you spic!
(59:42 / All) Gaynigsoutrspac: nice
(60:02 / All) RED-REINDEER: i was MVP this game, secured 5 expos
(60:04 / All) Gaynigsoutrspac: wow
(60:09 / All) Gaynigsoutrspac: shredder gives more gold with transmue than tauren
(60:16 / All) Gaynigsoutrspac: 300 vs 200 something
(60:17 / All) CaptainBooger: 375 gold
(60:22 / All) RED-REINDEER: cuz shredder cost more
(60:32 / All) Gaynigsoutrspac: does it, I doubt tauren costs less than 375 gold
(60:33 / All) Gaynigsoutrspac: hmm
(60:35 / All) Gaynigsoutrspac: maybe it does
(60:44 / All) RED-REINDEER: 280 gold
(60:45 / All) Gaynigsoutrspac: I wonder if it's based on unit level or unit cost
(60:49 / All) RED-REINDEER: no wood
(60:53 / All) RED-REINDEER: shredder 100 wood
(60:54 / All) CaptainBooger: cost
(60:56 / All) RED-REINDEER: should i leave
(61:01 / All) CaptainBooger: Aye